 Dungeon Crawl Stone Soup version 0.31-a0-851-g7ff8af7976 (webtiles) character file.

Game seed: 13241182624484860474

630 Malachi the Ruffian (level 7, -2/47 HPs)
             Began as an Octopode Shapeshifter on Oct 6, 2023.
             Was a Follower of Makhleb.
             Shot with an arrow by a centaur (11 damage)
             ... on level 5 of the Dungeon.
             The game lasted 00:04:47 (3722 turns).

Malachi the Ruffian (Octopode Shapeshifter)         Turns: 3722, Time: 00:04:47

Health: -2/47      AC:  1    Str: 21    XL:     7   Next: 48%
Magic:  7/7        EV: 14    Int: 12    God:    Makhleb [*.....]
Gold:   233        SH:  0    Dex: 12    Spells: 6/6 levels left

rFire   . .          .
                       - Unarmed
rCold   . . .        (no shield)
rNeg    . . .        (helmet currently unavailable)
rPois   .            (no amulet)
rElec   .            d - +6 ring of strength
rCorr   .            (no ring)
SInv    .            (no ring)
Will    .....        (no ring)
Stlth   ++           (no ring)
HPRegen 0.27/turn    (no ring)
MPRegen 0.10/turn    (no ring)
                     (no ring)

%: no passive effects
@: beast-form
A: beast (slay +2), almost no armour, amphibious, 8 rings, camouflage 1,
gelatinous body 1, (nimble swimmer 1), tentacles
a: Begin Untransformation, Renounce Religion


You were on level 5 of the Dungeon.
You worshipped Makhleb.
Makhleb was aware of your devotion.
You were a hulking beast.
You visited 1 branch of the dungeon, and saw 5 of its levels.

You collected 233 gold pieces.

Inventory:

Missiles
 e - a throwing net
Jewellery
 d - a +6 ring of strength (left tentacle)
Talismans
 b - a beast talisman (active)
 c - a flux talisman
Wands
 r - a wand of paralysis (3)
Scrolls
 g - 3 scrolls of enchant weapon
 i - 7 scrolls of teleportation
 j - 2 scrolls of fear
 p - a scroll of identify
 q - a scroll of enchant armour
Potions
 a - a potion of lignification
 f - 7 potions of haste
 h - 2 potions of attraction {unknown}
 k - a potion of heal wounds {unknown}
 l - a potion of resistance {unknown}
 m - 2 potions of cancellation {unknown}
 n - 2 potions of mutation {unknown}
 o - 2 potions of curing {unknown}
 s - a potion of brilliance {unknown}


   Skills:
 + Level 3.9 Fighting
 + Level 4.3 Dodging
 + Level 4.9 Unarmed Combat
 + Level 4.6 Shapeshifting


You had 6 spell levels left.
You didn't know any spells.
Your spell library contained the following spells:

 Spells                   Type           Power      Damage    Failure   Level
 Freeze                   Ice            0%         1d3       32%         1
 Magic Dart               Conj           0%         1d3       32%         1
 Call Imp                 Summ           0%         N/A       45%         2
 Frozen Ramparts          Ice            0%         1d1       69%         3
 Hailstorm                Conj/Ice       0%         3d3       69%         3
 Mephitic Cloud           Conj/Pois/Air  0%         N/A       69%         3
 Stone Arrow              Conj/Erth      0%         3d7       69%         3
 Lehudib's Crystal Spear  Conj/Erth      0%         10d2      100%        8
 Animate Armour           Summ/Erth      Unusable   N/A       N/A         4

Dungeon Overview and Level Annotations

Branches:
Dungeon (5/15)             Temple (0/1) D:4

Altars:
Cheibriados
Hepliaklqana
Kikubaaqudgha
Makhleb
Nemelex Xobeh
Qazlal
Vehumet
Wu Jian


Innate Abilities, Weirdness & Mutations

You are a hulking beast.
Your limbs bulge with bestial killing power. (Slay +2)
You cannot wear most types of armour.
You are amphibious.
You can wear up to eight rings at the same time.
Your skin changes colour to match your surroundings (Stealth+).
Your rubbery body absorbs attacks. (AC +1, EV +1)
((You are camouflaged when in or above water. (Stealth+)))
You have tentacles for arms and can constrict up to eight enemies at once.


Message History

Menkaure is nearby!
Aiming: Paralyse
Press: ? - help, Shift-Dir - straight line, f - Menkaure
Aim: Menkaure (fast, chance to affect: 49%) Menkaure resists with some effort.
Menkaure points at you and mumbles some strange words.
Pain shoots through your body!
Aiming: Paralyse
Press: ? - help, Shift-Dir - straight line, f/p - Menkaure
Aim: Menkaure (fast, chance to affect: 49%) Menkaure suddenly stops moving!
The helpless Menkaure fails to defend himself.
You bludgeon Menkaure! You grab Menkaure. You squeeze Menkaure!
You destroy Menkaure!
Makhleb accepts your kill.
You see here 2 stones.
There is a stone staircase leading down here.
Found a stone staircase leading up.
p - a scroll of identify;
s - a dark potion You now have 233 gold pieces (gained 11).
A centaur comes into view.
Found a scroll of teleportation.
The centaur shouts!
You hear a shout!
The centaur wields a +0 shortbow.
The centaur shoots an arrow.
The arrow barely misses you.
A centaur is nearby!
A centaur is nearby!
The centaur shoots an arrow.
The arrow hits you!
The centaur shoots an arrow.
The arrow hits you!
A lemure comes into view.
The centaur shoots an arrow.
The arrow hits you!
You are too injured to fight recklessly!
The centaur shoots an arrow.
The arrow hits you.
* * * LOW HITPOINT WARNING * * *
The centaur shoots an arrow.
The arrow hits you.
* * * LOW HITPOINT WARNING * * *
The centaur shoots an arrow.
The arrow closely misses you.
The centaur shoots an arrow.
The arrow completely misses you.
The centaur shoots an arrow.
The arrow hits you!
You die...

#... #.......#
..####..#####.....###
..5...c........##.#####
#5...............#
#..########....###
##....#####...###
.......#.##.....##
######.#..#.....#
#........h.....#
..#...##.##.##.#
#.#.##.##.##.#
...#.##....##.# ..?...
####.# .# # #.. .# #..
#..


You could see a lemure and a centaur.

Vanquished Creatures
  Menkaure (D:5)
  2 ogres (D:4)
  A phantom (D:4)
  An orc priest (D:3)
  A sleepcap (D:5)
  Robin (D:3)
  7 gnolls (D:4)
  4 adders
  2 worms
  3 dart slugs
  5 orcs (D:3)
  7 ball pythons
  7 bats
  6 endoplasms
  A giant cockroach (D:3)
  13 goblins
  7 hobgoblins
  4 jackals (D:1)
  4 kobolds
  2 quokkas
  A frilled lizard (D:3)
  6 rats
86 creatures vanquished.

Notes
Turn   | Place    | Note
-------+----------+-------------------------------------------
     0 | D:1      | Malachi the Octopode Shapeshifter began the quest for the
                  | Orb.
     0 | D:1      | Reached XP level 1. HP: 13/13 MP: 1/1
   111 | D:1      | Reached XP level 2. HP: 11/18 MP: 2/2
   310 | D:1      | Reached XP level 3. HP: 22/23 MP: 3/3
   572 | D:2      | Found a burning altar of Makhleb.
   739 | D:2      | Reached XP level 4. HP: 29/29 MP: 4/4
  1280 | D:2      | Became a worshipper of Makhleb the Destroyer
  1479 | D:3      | Noticed Robin
  1482 | D:3      | Reached XP level 5. HP: 23/34 MP: 5/5
  1499 | D:3      | Reached * piety under Makhleb
  1503 | D:3      | Killed Robin
  2030 | D:3      | Found a hazy altar of Hepliaklqana.
  2031 | D:3      | Found an ornate altar of the Wu Jian Council.
  2032 | D:3      | Found a snail-covered altar of Cheibriados.
  2032 | D:3      | Found a radiant altar of Vehumet.
  2032 | D:3      | Found an ancient bone altar of Kikubaaqudgha.
  2034 | D:3      | Found a stormy altar of Qazlal.
  2322 | D:4      | Found a staircase to the Ecumenical Temple.
  2413 | D:4      | Noticed a phantom
  2429 | D:4      | Killed a phantom
  2430 | D:4      | Reached XP level 6. HP: 28/41 MP: 6/6
  2836 | D:4      | Reached XP level 7. HP: 46/46 MP: 7/7
  3320 | D:4      | Found a sparkling altar of Nemelex Xobeh.
  3640 | D:5      | Entered Level 5 of the Dungeon
  3660 | D:5      | Noticed Menkaure
  3670 | D:5      | Killed Menkaure
  3722 | D:5      | Shot with an arrow by a centaur

Illustrated notes

Levels and vault maps discovered:
D:1:      lemuel_arrival_cross, layout_rooms, grunt_decor_fettered
D:2:      layout_basic, basic_altar, minmay_misc_feat_hallway
D:3:      layout_basic, grunt_temple_overflow_open, uniq_robin
D:4:      layout_gridville, nemelex_spade_bored_becter,
          minmay_temple_entry_wispy, serial_forest, infiniplex_forest_end_2,
          infiniplex_forest_lined_corner, infiniplex_forest_clump_C,
          infiniplex_forest_straight_2, infiniplex_forest_end_2,
          infiniplex_forest_straight_2, infiniplex_forest_end_2,
          infiniplex_forest_straight_1, infiniplex_forest_lined_room_3,
          dk_noncrumbling_4, serial_park_tiny_1
D:5:      layout_rooms, uniq_pikel, uniq_duvessa, uniq_menkaure, uniq_ijyb,
          uniq_eustachio

Skill      XL: |  1  2  3  4  5  6  7 |
---------------+----------------------+-----
Fighting       | 2 3 |  3.9
Dodging        | 3 4 |  4.3
Unarmed Combat | 4 |  4.9
Shapeshifting  | 4 |  4.6

Action                     |  1- 3 |  4- 6 |  7- 9 || total
---------------------------+-------+-------+-------++-------
  Melee: Unarmed           |    58 |   103 |    32 ||   193
         Constrict         |    14 |    23 |     8 ||    45
         Tentacles         |    14 |    22 |    10 ||    46
         Punch             |     1 |     3 |     3 ||     7
  Evoke: Wand              |       |     2 |     2 ||     4
    Use: Scroll            |       |     9 |     1 ||    10
   Stab: Sleeping          |     5 |     8 |       ||    13
         Paralysed         |       |     3 |     1 ||     4
 Armour: Skin              |    13 |    28 |    14 ||    55
  Dodge: Dodged            |    39 |    53 |    16 ||   108

Table legend: (Time is in decaauts)
 A = Elapsed time spent in this place.
 B = Non-inter-level travel time spent in this place.
 C = Inter-level travel time spent in this place.
 D = Time resting spent in this place.
 E = Time spent auto-exploring this place.
 F = Levels seen in this place.
 G = Mean time per level.
                   A        B        C        D        E       F      G
               +--------+--------+--------+--------+--------+-----+--------+
         Total |   3707 |   3587 |    120 |    371 |   2596 |   5 |  741.4 |
       Dungeon |   3707 |   3587 |    120 |    371 |   2596 |   5 |  741.4 |
               +--------+--------+--------+--------+--------+-----+--------+

Top non-repeatable levels by time:
     D:4: 1294 daAuts
     D:3: 1043 daAuts
     D:2: 727 daAuts
     D:1: 559 daAuts
     D:5: 81 daAuts
